 Dungeon Crawl Stone Soup version 0.16-a0-3728-gc6b4a4b (webtiles) character file.

37 Herrn the Magician (level 3, -6/21 HPs)
             Began as a Gargoyle Wizard on Jan 22, 2015.
             Mangled by Crazy Yiuf
             ... wielding a +4 quarterstaff of chaos
              (8 damage)
             ... on level 2 of the Dungeon.
             The game lasted 00:04:03 (1864 turns).

Herrn the Magician (Gargoyle Wizard)                Turns: 1864, Time: 00:04:04

Health: -6/21      AC:  3    Str: 10    XL:     3   Next: 39%
Magic:  7/7        EV: 12    Int: 19    God:
Gold:   48         SH:  0    Dex:  8    Spells: 1 memorised, 7 levels left

rFire  . . .     SeeInvis .     s - +3 spear
rCold  . . .     Clarity  .     a - +0 robe
rNeg   + . .     SustAb   .     (no shield)
rPois  ∞         Gourm    .     b - +0 hat
rElec  +         Spirit   .     (no cloak)
rCorr  .         Warding  .     (no gloves)
rMut   .         Stasis   .     (no boots)
MR     .....                    (no amulet)
Stlth  ++........               (no ring)
                                p - -2 ring of protection (curse)

@: not resistant to hostile enchantments, unstealthy
A: negative energy resistance 1, electricity resistance, unbreathing,
petrification resistance, rot immunity, AC +3
a: no special abilities


You were on level 2 of the Dungeon.
You were hungry.

You visited 1 branch of the dungeon, and saw 2 of its levels.

You collected 48 gold pieces.

Inventory:

Hand weapons
 j - a +0 dagger
 s - a +3 spear (weapon)
Armour
 a - a +0 robe (worn)
 b - a +0 hat (worn)
Jewellery
 p - a cursed -2 ring of protection (left hand)
Scrolls
 e - a scroll of teleportation {unknown}
 l - a scroll of magic mapping
 n - a scroll of recharging {unknown}
 o - a scroll of identify {unknown}
 r - a scroll of enchant armour {unknown}
 u - a scroll of immolation {unknown}
Potions
 f - 2 potions of brilliance {unknown}
 h - 2 potions of curing {unknown}
 i - 3 potions of cure mutation {unknown}
 k - 2 potions of heal wounds {unknown}
 q - 2 potions of cancellation {unknown}
 t - a potion of haste {unknown}
Books
 c - a book of Minor Magic

   Spells                             Type                      Level
   a - Magic Dart                     Conjuration                  1
   b - Blink                          Translocation                2
   c - Call Imp                       Summoning                    2
   d - Repel Missiles                 Charms/Air                   2
   e - Slow                           Hexes                        2
   f - Conjure Flame                  Conjuration/Fire             3
   g - Mephitic Cloud                 Conjuration/Poison/Air       3
Comestibles
 d - 2 bread rations
 g - a beef jerky
 m - a meat ration


   Skills:
 * Level 2.1 Fighting
 + Level 2.1 Dodging
 - Level 2.1 Stealth
 - Level 3.0 Spellcasting
 + Level 1.5 Conjurations
   Level 0.8 Summonings
   Level 0.8 Translocations


You had 7 spell levels left.
You knew the following spells:

 Your Spells              Type           Power        Failure   Level  Hunger
a - Magic Dart            Conj           #...         10%         1    None


Dungeon Overview and Level Annotations

Branches:
Dungeon (2/15)

Altars:

Annotations:
D:2 Crazy Yiuf


Innate Abilities, Weirdness & Mutations

You are resistant to torment.
You are immune to poison.
Your stone body is very resilient (AC +3).
You resist negative energy.
You are resistant to electric shocks.
You can survive without breathing.
You are immune to petrification.
You are immune to rotting.


Message History

Okay, then.
Unknown command.
You completely miss Crazy Yiuf.
Crazy Yiuf screams, "Ten infinity meccalolo!"
Crazy Yiuf hits you with a quarterstaff of chaos.
Crazy Yiuf freezes you.
You hit Crazy Yiuf.
Crazy Yiuf is moderately wounded.
Crazy Yiuf hits you with a quarterstaff of chaos!
* * * LOW HITPOINT WARNING * * *
Crazy Yiuf burns you.
* * * LOW HITPOINT WARNING * * *
You closely miss Crazy Yiuf.
Crazy Yiuf is moderately wounded.
Crazy Yiuf hits you with a quarterstaff of chaos.
* * * LOW HITPOINT WARNING * * *
You hit Crazy Yiuf.
Crazy Yiuf is heavily wounded.
Crazy Yiuf hits you with a quarterstaff of chaos!
You die...

,,,*,#.#..* #).,* #.# #.#
,*,***,*,,* #..,* *,###.#
,*,,**,**,* *..,* *,#...#
,*,,**,,,,* *#.** *,#.###
,*,,,****,* #.## *,#.#.##
,,,,,,,,,,* *#.# ***,#....#
,,,,,,***,* #.## *,,,#.#.##
,,,,,,,,,,* ##g# ###.#.#.#
,,,,*,***,* ##@## #.#.#.#.#
,****,***,* ##...#
#.#.#.#.## ,,,,*,,,,,*
#....# #.#.#....#
**,,,,,,,,* #....#
#.#.#.####
*,,,,,,,,***#....# #.#.#.#
*,,,,,,,,*,*#...## #.#.#.#
*,,,,,,,,*,*##.## #.#.#.#
****,,*#.#.###.#####.#.#.##
*,,....................#


You could see Crazy Yiuf.

Vanquished Creatures
  An adder (D:2)
  An ooze (D:1)
  2 ball pythons
  5 bats
  5 goblins
  3 hobgoblins
  4 jackals (D:1)
  2 kobolds (D:1)
  A rat (D:1)
24 creatures vanquished.

Notes
Turn   | Place    | Note
--------------------------------------------------------------
     0 | D:1      | Herrn, the Gargoyle Wizard, began the quest for the Orb.
     0 | D:1      | Reached XP level 1. HP: 10/10 MP: 4/4
   217 | D:1      | Reached skill level 1 in Fighting
   280 | D:1      | Reached XP level 2. HP: 10/16 MP: 0/6
  1409 | D:2      | Reached XP level 3. HP: 17/21 MP: 0/7
  1854 | D:2      | Noticed Crazy Yiuf
  1864 | D:2      | Mangled by Crazy Yiuf

Action                   || total
-------------------------++-------
Melee: Unarmed           ||    38
       Dagger            ||    16
       Spear             ||     7
 Cast: Magic Dart        ||    55
  Use: Scroll            ||     1
 Stab: Sleeping          ||     1
  Eat: Chunk             ||     2
